 Dungeon Crawl Stone Soup version 0.23-a0-175-g97aacdb (webtiles) character file.

541 Amnesiac the Chiller (level 7, -3/46 HPs)
             Began as a Mummy Ice Elementalist on Sept 16, 2018.
             Was a Follower of Vehumet.
             Killed from afar by an orc wizard (6 damage)
             ... with a puff of flame
             ... on level 4 of the Dungeon.
             The game lasted 00:05:56 (3069 turns).

Amnesiac the Chiller (Mummy Ice Elementalist)       Turns: 3069, Time: 00:05:57

Health: -3/46      AC:  6    Str: 11    XL:     7   Next: 5%
Magic:  9/15       EV: 12    Int: 17    God:    Vehumet [*.....]
Gold:   137        SH:  0    Dex: 12    Spells: 7/17 levels left

rFire    x . .     SeeInvis .   a - +0 dagger (venom)
rCold    + . .     Gourm    .   (no shield)
rNeg     + + +     Faith    .   b - +0 robe
rPois    ∞         Spirit   .   f - +2 helmet
rElec    .         Reflect  .   i - +0 cloak
rCorr    .         Harm     .   (no gloves)
MR       +....                  (no boots)
Stlth    +++.......             (no amulet)
HPRegen  0.15/turn              h - ring of stealth
MPRegen  0.14/turn              j - ring of protection from magic

@: no status effects
A: no food or potions, fire vulnerability, cold resistance 1, negative energy
resistance 3, torment resistance, unbreathing
a: Renounce Religion


You were on level 4 of the Dungeon.
You worshipped Vehumet.
Vehumet was aware of your devotion.
You were not hungry.

You visited 1 branch of the dungeon, and saw 4 of its levels.

You collected 137 gold pieces.

Inventory:

Hand Weapons
 a - a +0 dagger of venom (weapon)
Armour
 b - a +0 robe (worn)
 f - a +2 helmet (worn)
 i - a +0 cloak (worn)
Jewellery
 h - a ring of stealth (left hand)
 j - a ring of protection from magic (right hand)
 l - a +2 ring of strength {unknown}
 m - an uncursed ring of teleportation
Wands
 o - a wand of flame (26)
Scrolls
 c - 2 scrolls of remove curse {!r}
 d - a scroll of teleportation {!r}
 g - a scroll of enchant weapon {!r}
 p - a scroll of identify {!r}


   Skills:
 - Level 1.5 Dodging
 - Level 1.5 Stealth
 + Level 5.6 Spellcasting
 - Level 0.7 Conjurations
 * Level 5.7 Ice Magic


You had 7 spell levels left.
You knew the following spells:

 Your Spells              Type           Power        Failure   Level  Hunger
a - Freeze                Ice            ###.         1%          1    N/A
d - Throw Icicle          Conj/Ice       ###.....     34%         4    N/A
e - Throw Frost           Conj/Ice       ###...       5%          2    N/A
z - Ozocubu's Armour      Chrm/Ice       ##......     12%         3    N/A

Your spell library contained the following spells:

 Spells                   Type           Power        Failure   Level  Hunger
 Flame Tongue             Conj/Fire      #....        12%         1    N/A
 Summon Ice Beast         Ice/Summ       ##......     38%         4    N/A

Dungeon Overview and Level Annotations

Branches:
Dungeon (4/15)
 Temple: D:4-7

Altars:
Makhleb
Uskayaw
Vehumet

Annotations:
D:4 exclusion: statue


Innate Abilities, Weirdness & Mutations

You do not eat or drink.
Your flesh is vulnerable to fire.
You are immune to poison.
Your flesh is cold resistant. (rC+)
You are immune to negative energy. (rN+++)
You are immune to unholy pain and torment.
You can survive without breathing.


Message History

Press: ? - help, Shift-Dir - straight line, f/p - orc
Aim: an orc, wielding a club (heavily wounded)
You freeze the orc.
You kill the orc!
Vehumet accepts your kill.
You have reached level 7!
The orc priest hits you with a whip.
Casting: Freeze (safe; 1% risk of failure)
Confirm with . or Enter, or press ? or * to list all spells.
Aiming: Freeze (safe; 1% risk of failure)
Press: ? - help, Shift-Dir - straight line, f - orc priest
Aim: an orc priest, wielding a whip and wearing a chain mail You freeze the orc priest.
The orc priest is moderately wounded.
The orc wizard hits you but does no damage.
The orc priest calls down the wrath of Beogh upon you.
Beogh smites you!
Unknown command.
Casting: Freeze (safe; 1% risk of failure)
Confirm with . or Enter, or press ? or * to list all spells.
Aiming: Freeze (safe; 1% risk of failure)
Press: ? - help, Shift-Dir - straight line, f/p - orc priest
Aim: an orc priest, wielding a whip and wearing a chain mail (moderately You freeze the orc priest.
The orc priest is severely wounded.
The orc wizard hits you but does no damage.
The orc priest closely misses you.
Unknown command.
Casting: Freeze (safe; 1% risk of failure)
Confirm with . or Enter, or press ? or * to list all spells.
Aiming: Freeze (safe; 1% risk of failure)
Press: ? - help, Shift-Dir - straight line, f/p - orc priest
Aim: an orc priest, wielding a whip and wearing a chain mail (severely wounded)
You freeze the orc priest.
You kill the orc priest!
Vehumet accepts your kill.
The orc priest calls down the wrath of Beogh upon you.
Beogh smites you!
* * * LOW HITPOINT WARNING * * *
The orc wizard barely misses you.
Unknown command.
Really read
n - a scroll labeled ASUJAOQ NURUJA {!r}?
As you read the scroll labeled ASUJAOQ NURUJA {!r}, it crumbles to dust.
You hear a loud clanging noise!
It was a scroll of noise {!r}.
The orc completely misses you.
The orc wizard points at you and mumbles some strange words.
The puff of frost hits you! You resist.
* * * LOW HITPOINT WARNING * * *
The orc priest mumbles some strange prayers to Beogh against you.
Beogh smites you!
* * * LOW HITPOINT WARNING * * *
Really read
k - a scroll labeled DOITOLUUTZ {!r}?
As you read the scroll labeled DOITOLUUTZ {!r}, it crumbles to dust.
It is a scroll of enchant armour.
Your +1 helmet glows green for a moment.
The orc hits you but does no damage. The orc wizard barely misses you.
Really read
e - a scroll labeled YCUONW MUBEB {!r}?
As you read the scroll labeled YCUONW MUBEB {!r}, it crumbles to dust.
The scroll dissolves into smoke.
It was a scroll of fog {!r}.
The orc hits you but does no damage. The orc wizard closely misses you.
The orc priest hits you but does no damage.
The orc wizard casts a spell at you. The puff of flame hits you!
The fire burns you terribly!
You die...

...........## ##.#.8.#...#
............# ##..#...#...#
............## ##...#####...#
.............# ###............#
.............# #..............#
.............###.............##
..............#####....#######
##..))......#..####§§..#
###...!..>.###.@##o§..#
##..######..# ###§o§...# #..##
#### ##o§§..# ..### ###§.....
....# ##...## ...## #..## ...#
..# ..## # ..#


You could see an orc wizard and an orc.

Vanquished Creatures
  Grinder (D:3)
  A hound (D:2)
  2 orc priests
  Crazy Yiuf (D:3)
  Jessica (D:2)
  2 orc wizards
  Natasha (thrice) (D:2)
  An adder (D:3)
  An ooze (D:3)
  A worm (D:3)
  2 dart slugs
  2 leopard geckos
  9 orcs
  3 giant cockroaches
  5 goblins
  5 hobgoblins
  3 kobolds
  2 ball pythons (D:1)
  2 bats (D:3)
  6 frilled lizards
  3 rats
56 creatures vanquished.

Notes
Turn   | Place    | Note
-------+----------+-------------------------------------------
     0 | D:1      | Amnesiac the Mummy Ice Elementalist began the quest for the
                  | Orb.
     0 | D:1      | Reached XP level 1. HP: 13/13 MP: 4/4
   118 | D:2      | Noticed Natasha
   126 | D:2      | Noticed Jessica
   134 | D:2      | Killed Jessica
   134 | D:2      | Reached XP level 2. HP: 12/19 MP: 0/5
   134 | D:2      | Reached XP level 3. HP: 15/24 MP: 0/7
   172 | D:1      | Learned a level 2 spell: Throw Frost
   176 | D:1      | Learned a level 3 spell: Ozocubu's Armour
   248 | D:2      | Killed Natasha
   390 | D:4      | Found a radiant altar of Vehumet.
   390 | D:4      | Noticed a frost-covered statue
   396 | D:4      | Became a worshipper of Vehumet
  1234 | D:2      | Reached XP level 4. HP: 29/30 MP: 4/9
  1370 | D:2      | Found a burning altar of Makhleb.
  1526 | D:2      | Noticed Natasha
  1533 | D:2      | Killed Natasha
  1539 | D:2      | Learned a level 4 spell: Throw Icicle
  1650 | D:2      | Noticed Natasha
  1657 | D:2      | Killed Natasha
  1657 | D:2      | Reached XP level 5. HP: 35/35 MP: 7/11
  1892 | D:3      | Noticed Grinder
  1935 | D:3      | Found a hide-covered altar of Uskayaw.
  2237 | D:3      | Reached * piety under Vehumet
  2237 | D:3      | Offered knowledge of Flame Tongue by Vehumet.
  2385 | D:3      | Found a runed door.
  2603 | D:3      | Noticed Crazy Yiuf
  2619 | D:3      | Killed Crazy Yiuf
  2619 | D:3      | Reached XP level 6. HP: 37/41 MP: 1/13
  2746 | D:3      | Killed Grinder
  2746 | D:3      | Reached skill level 5 in Spellcasting
  2746 | D:3      | Reached skill level 5 in Ice Magic
  3061 | D:4      | Reached XP level 7. HP: 46/46 MP: 11/15
  3069 | D:4      | Killed from afar by an orc wizard

Vault maps used:
D:1:      saegor_arrival_miasma
D:2:      makhleb_blood_cavern_becter, uniq_jessica, uniq_natasha
D:3:      eat_drink_and_be_merry_uskayaw, uniq_crazy_yiuf_cottage, uniq_grinder
D:4:      fedhas_altar_1, vehumet_statue, first_ration, minmay_door_square

Skill      XL: |  1  2  3  4  5  6 |
---------------+-------------------+-----
Ice Magic      | 3 4 5 |  5.7
Spellcasting   | 3 4 5 |  5.6
Dodging        | |  1.5
Stealth        | |  1.5
Conjurations   | |  0.7

Action                   |  1- 3 |  4- 6 |  7- 9 || total
-------------------------+-------+-------+-------++-------
Melee: Dagger            |    11 |    49 |       ||    60
 Cast: Freeze            |    27 |    51 |     4 ||    82
       Ozocubu's Armour  |       |     1 |       ||     1
       Throw Icicle      |       |     6 |       ||     6
  Use: Scroll            |       |     4 |     3 ||     7
 Stab: Sleeping          |     3 |     2 |       ||     5
Armor: Robe              |     4 |    22 |     4 ||    30
Dodge: Dodged            |    18 |    40 |     5 ||    63

Table legend:
 A = Non-vault XP
 B = Vault XP
 C = Vault XP percentage of total XP
 D = Non-vault monster count
 E = Vault monster count
 F = Vault count percentage of total count
                 A         B        C        D         E       F
            +---------+---------+-------+---------+---------+-------
      Total |     335 |     439 |  56.7 |      51 |       5 |   8.9
            +---------+---------+-------+---------+---------+-------
        D:1 |      15 |       0 |   0.0 |       9 |       0 |   0.0
        D:2 |      81 |     112 |  58.0 |      10 |       3 |  23.1
        D:3 |     140 |     327 |  70.0 |      24 |       2 |   7.7
        D:4 |      99 |       0 |   0.0 |       8 |       0 |   0.0
            +---------+---------+-------+---------+---------+-------
